Map: Ever Dream LE

Players

Reynor - Winner!

  • Race: Zerg Zerg
  • League: Master
  • Spawn Location: 7:00

KingCobra

  • Race: Protoss Protoss
  • Spawn Location: 1:00

Event: DreamHack SC2 Masters 2020 Fall

VOD

Have the link to the VOD?

Description

Time

  • Played on: Sept. 6, 2020, 11:16 a.m.
  • Length: 9:16

All games in this series

Show
View Real Time Build Order
Export as new Build Order

Reynor Zerg - Winner!

Build Orders: Pool First 

Get SALT Encoding   

  12  0:00  Drone  
  13  0:12  Overlord  
  13  0:17  Drone  
  14  0:30  Drone  
  14  0:31  Drone  
  16  0:41  Spawning Pool  
  15  0:45  Drone  
  15  0:49  Drone  
  17  1:12  Hatchery  
  17  1:14  Drone  
  17  1:28  Zergling x6  
  20  1:44  Hatchery  
  20  1:46  Drone  
  20  1:56  Queen  
  20  2:00  Extractor  
  21  2:04  Overlord  
  21  2:11  Drone  
  22  2:23  Drone x2  
  22  2:24  Zergling x2  
  25  2:32  Queen  
  25  2:35  Zergling x2  
  28  2:38  Drone  
  29  2:46  Zergling x2  
  29  2:47  Drone  
  31  2:54  Overlord  
  31  2:56  Drone  
  31  3:08  Drone x2  
  31  3:11  Drone x3  
  35  3:14  Metabolic Boost  
  35  3:17  Drone  
  36  3:21  Drone  
  37  3:31  Overlord  
  37  3:32  Queen  
  39  3:35  Zergling x2  
  40  3:41  Zergling x6  
  40  3:42  Zergling x2  
  44  3:53  Drone x3  
  46  4:00  Hatchery  
  45  4:04  Zergling x4  
  45  4:07  Overlord  
  45  4:09  Drone  
  47  4:17  Zergling x2  
  47  4:18  Zergling x6  
  47  4:19  Drone  
  52  4:25  Hatchery  
  52  4:28  Overlord  
  52  4:29  Zergling x2  
  50  4:37  Drone  
  49  4:39  Drone, Queen  
  49  4:44  Overlord  
  51  4:47  Drone x2  
  51  4:50  Drone  
  51  4:51  Drone  
  51  4:52  Drone x3, Extractor  
  57  4:53  Extractor  
  57  4:56  Lair  
  56  5:02  Drone x2  
  56  5:04  Spore Crawler  
  57  5:12  Drone  
  57  5:13  Drone  
  59  5:20  Drone x2  
  59  5:21  Drone, Queen  
  60  5:24  Overlord  
  60  5:25  Drone  
  61  5:29  Extractor, Spore Crawler  
  61  5:33  Overlord  
  59  5:36  Overlord  
  59  5:37  Drone  
  59  5:39  Queen  
  62  5:45  Drone  
  62  5:46  Drone  
  62  5:48  Drone  
  65  5:54  Overlord  
  65  5:55  Hydralisk Den  
  65  5:57  Drone x5  
  66  5:58  Drone  
  66  6:01  Evolution Chamber  
  66  6:03  Zergling x2  
  70  6:06  Drone  
  70  6:09  Drone  
  72  6:12  Drone x4  
  72  6:13  Extractor x2  
  72  6:15  Overlord  
  75  6:24  Muscular Augments  
  75  6:25  Drone  
  76  6:26  Drone x2  
  76  6:27  Drone x2  
  76  6:31  Overlord  
  80  6:33  Hydralisk x2  
  80  6:34  Hydralisk  
  80  6:37  Zerg Missile Weapons Level 1  
  86  6:41  Drone  
  86  6:43  Hydralisk x2  
  86  6:46  Hydralisk  
  93  6:49  Overlord  
  93  6:51  Hydralisk  
  93  6:53  Hydralisk  
  97  6:55  Hydralisk  
  97  6:58  Hydralisk  
  101  7:03  Hydralisk  
  101  7:04  Hydralisk  
  101  7:05  Zergling x2  
  101  7:07  Overlord  
  101  7:08  Overlord  
  106  7:10  Hydralisk  
  106  7:11  Zergling x2  
  108  7:16  Hydralisk x2  
  108  7:21  Overlord  
  112  7:24  Drone  
  112  7:25  Hydralisk x2, Extractor  
  112  7:26  Hydralisk  
  118  7:33  Hydralisk  
  118  7:34  Hydralisk x2  
  118  7:35  Zergling x4  
  126  7:39  Grooved Spines  
  126  7:44  Hydralisk x2, Overlord  
  126  7:46  Zergling x2  
  126  7:49  Hydralisk, Zergling x2  
  134  8:00  Hydralisk  
  134  8:01  Zergling x4  
  134  8:04  Hydralisk x2  
  134  8:05  Zergling x8  
  142  8:07  Overlord  
  142  8:11  Hydralisk x2  
  142  8:12  Zergling x2  
  143  8:13  Zergling x2  
  143  8:16  Hydralisk  
  143  8:17  Zergling x2  
  131  8:20  Hydralisk  
  131  8:21  Zergling x2  
  133  8:27  Hydralisk x3  
  138  8:41  Hydralisk x3  
  138  8:46  Hatchery  
  141  8:52  Hydralisk x2  
Show
View Real Time Build Order
Export as new Build Order

KingCobra Protoss 

Build Orders:  

Get SALT Encoding   

  12  0:00  Probe  
  13  0:12  Probe  
  14  0:20  Pylon  
  14  0:24  Probe  
  15  0:38  Gateway, Probe (Chrono Boost)  
  16  0:48  Assimilator, Probe (Chrono Boost)  
  17  0:53  Probe (Chrono Boost)  
  18  1:04  Probe  
  19  1:19  Gateway  
  19  1:22  Probe  
  19  1:25  Zealot (Chrono Boost)  
  20  1:28  Cybernetics Core  
  20  1:31  Pylon  
  22  1:49  Zealot (Chrono Boost)  
  24  2:02  Probe  
  27  2:13  Adept (Chrono Boost)  
  29  2:15  Adept (Chrono Boost)  
  29  2:19  Pylon  
  29  2:23  Pylon  
  29  2:27  Warp Gate  
  29  2:30  Shield Battery  
  29  2:41  Adept x2  
  33  2:47  Probe  
  33  2:49  Assimilator  
  34  2:59  Probe  
  35  3:12  Probe  
  36  3:16  Adept  
  36  3:19  Pylon  
  38  3:26  Nexus  
  38  3:40  Stargate  
  38  3:48  Probe  
  39  4:00  Probe, Pylon  
  39  4:12  Probe  
  40  4:22  Stalker  
  40  4:23  Void Ray (Chrono Boost)  
  42  4:25  Probe  
  43  4:38  Probe (Chrono Boost)  
  45  4:40  Probe (Chrono Boost)  
  39  4:49  Probe (Chrono Boost)  
  39  4:52  Probe (Chrono Boost)  
  41  4:54  Probe (Chrono Boost)  
  41  4:55  Adept x2  
  45  5:01  Protoss Air Weapons Level 1  
  45  5:03  Probe (Chrono Boost)  
  45  5:04  Probe (Chrono Boost)  
  47  5:10  Assimilator  
  47  5:11  Void Ray  
  49  5:15  Probe (Chrono Boost)  
  49  5:17  Probe (Chrono Boost)  
  49  5:20  Probe (Chrono Boost)  
  53  5:25  Probe  
  47  5:30  Pylon  
  47  5:31  Probe (Chrono Boost)  
  48  5:39  Assimilator  
  48  5:41  Probe (Chrono Boost)  
  50  5:43  Probe (Chrono Boost)  
  50  5:46  Fleet Beacon  
  50  5:49  Forge  
  51  5:51  Probe (Chrono Boost)  
  51  5:52  Probe (Chrono Boost)  
  52  5:57  Probe  
  52  6:01  Probe  
  52  6:04  Stargate  
  54  6:09  Probe, Pylon  
  55  6:13  Probe  
  55  6:15  Sentry  
  58  6:21  Zealot, Probe  
  61  6:25  Nexus  
  61  6:34  Pylon  
  67  6:42  Carrier (Chrono Boost)  
  67  6:45  Photon Cannon  
  67  6:52  Probe x2  
  69  6:58  Photon Cannon  
  69  6:59  Shield Battery  
  69  7:01  Shield Battery, Photon Cannon  
  69  7:04  Probe x2  
  71  7:15  Carrier (Chrono Boost)  
  77  7:24  Probe x2, Pylon  
  79  7:36  Probe, Carrier (Chrono Boost)  
  80  7:43  Shield Battery  
  82  7:45  Shield Battery  
  82  7:51  Adept  
  82  7:52  Adept  
  85  8:05  Carrier (Chrono Boost)  
  91  8:13  Zealot x2  
  93  8:45  Zealot x2  

Tags
 
Add a new tag
Caveats
  • Supply blocks, unpowered buildings, or Contaminate may cause inaccurate times.
  • Supply counts are checked every 10 seconds.